 Dungeon Crawl Stone Soup version 0.23-a0-49-gd9f7a49 (webtiles) character file.

4847 Amnesiac the Geomancer (level 10, -4/65 HPs)
             Began as a Mummy Earth Elementalist on Aug 6, 2018.
             Was a Priest of Vehumet.
             Slain by torrenera's ghost (29 damage)
             ... on level 8 of the Dungeon.
             The game lasted 00:15:42 (7969 turns).

Amnesiac the Geomancer (Mummy Earth Elementalist)   Turns: 7969, Time: 00:15:43

Health: -4/65      AC: 13    Str: 11    XL:     10   Next: 25%
Magic:  19/24      EV: 10    Int: 20    God:    Vehumet [***...]
Gold:   126        SH:  5    Dex: 16    Spells: 14/29 levels left

rFire    x . .     SeeInvis .   a - +3 scimitar (drain)
rCold    + . .     Gourm    .   u - +0 buckler
rNeg     + + +     Faith    .   w - +3 ring mail
rPois    ∞         Spirit   .   h - +0 helmet
rElec    .         Reflect  .   j - +0 cloak
rCorr    +         Harm     .   v - +2 pair of gloves {Dex+3}
MR       +....                  (no boots)
Stlth    +.........             (no amulet)
HPRegen  0.20/turn              o - +2 ring of intelligence
MPRegen  0.19/turn              g - ring of resist corrosion

@: no status effects
A: no food or potions, fire vulnerability, cold resistance 1, negative energy
resistance 3, torment resistance, unbreathing
a: Renounce Religion


You were on level 8 of the Dungeon.
You worshipped Vehumet.
Vehumet was most pleased with you.
You were not hungry.

You visited 1 branch of the dungeon, and saw 8 of its levels.
You also visited: Ossuary.

You collected 444 gold pieces.
You spent 318 gold pieces at shops.

Inventory:

Hand Weapons
 a - a +3 scimitar of draining (weapon)
Missiles
 b - 126 stones (quivered)
Armour
 h - a +0 helmet (worn)
 j - a +0 cloak (worn)
 u - a +0 buckler (worn)
 v - a +2 pair of gloves of dexterity (worn)
 w - a +3 ring mail (worn)
Magical Staves
 q - an uncursed staff of cold
Jewellery
 g - a ring of resist corrosion (right hand)
 m - an uncursed ring of stealth
 o - a +2 ring of intelligence (left hand)
Wands
 c - a wand of random effects (87)
 f - a wand of paralysis (14)
 n - a wand of disintegration (17)
 t - a wand of enslavement (17)
Scrolls
 d - a scroll of remove curse {!r}
 e - 5 scrolls of teleportation {!r}
 i - 5 scrolls of blinking {!r}
 k - 3 scrolls of amnesia {!r}
 p - 6 scrolls of identify {!r}
 s - 2 scrolls of fear {!r}


   Skills:
 - Level 1.0 Fighting
 - Level 1.5 Dodging
 - Level 1.5 Stealth
 - Level 4.0 Shields
 + Level 10.1 Spellcasting
 - Level 0.7 Transmutations
 * Level 10.1 Earth Magic


You had 14 spell levels left.
You knew the following spells:

 Your Spells              Type           Power        Failure   Level  Hunger
a - Sandblast             Erth           ######       1%          1    N/A
b - Passwall              Tmut/Erth      ####....     2%          2    N/A
c - Stone Arrow           Conj/Erth      ####..       1%          3    N/A
d - Lee's Rapid Deconstr  Erth           ######....   1%          5    N/A
e - Petrify               Tmut/Erth      ####....     19%         4    N/A

Your spell library contained the following spells:

 Spells                   Type           Power        Failure   Level  Hunger
 Fireball                 Conj/Fire      ##........   71%         5    N/A
 Conjure Flame            Conj/Fire      ##......     13%         3    N/A
 Throw Flame              Conj/Fire      ##....       7%          2    N/A
 Throw Frost              Conj/Ice       ##....       7%          2    N/A
 Freeze                   Ice            ##..         4%          1    N/A
 Sticky Flame             Conj/Fire      ##......     38%         4    N/A
 Summon Ice Beast         Ice/Summ       ##......     86%         4    N/A
 Ozocubu's Armour         Chrm/Ice       ##......     45%         3    N/A
 Throw Icicle             Conj/Ice       ##......     38%         4    N/A
 Flame Tongue             Conj/Fire      ##...        4%          1    N/A
 Inner Flame              Hex/Fire       ##......     13%         3    N/A

Dungeon Overview and Level Annotations

Branches:
Dungeon (8/15)             Temple (0/1) D:5
   Lair: D:8-11

Altars:
Ashenzari
Makhleb
Okawaru
Qazlal
Ru
Uskayaw
Vehumet

Shops:
D:4 *   D:8 *

Annotations:
D:8 torrenera's ghost, novice TrMo


Innate Abilities, Weirdness & Mutations

You do not eat or drink.
Your flesh is vulnerable to fire.
You are immune to poison.
Your flesh is cold resistant. (rC+)
You are immune to negative energy. (rN+++)
You are immune to unholy pain and torment.
You can survive without breathing.


Message History

The ogre shouts!
The wyvern bites you.
The wyvern bites you but does no damage.
Casting: Lee's Rapid Deconstruction (safe; 2% risk of failure)
Confirm with . or Enter, or press ? or * to list all spells.
Aiming: Lee's Rapid Deconstruction (safe; 2% risk of failure)
Press: ? - help, Dir - move target cursor, f - adder Fragment what (e.g. wall or brittle monster)?: an adder An open gate.
The door shatters!
The blast of rock fragments hits the adder.
You kill the adder!
Vehumet accepts your kill.
The blast of rock fragments hits the wyvern.
The wyvern is almost dead.
The blast of rock fragments hits torrenera's ghost.
Torrenera's ghost is lightly damaged.
The blast of rock fragments hits the ogre.
The ogre is almost dead.
The wyvern bites you! The wyvern closely misses you.
Casting: Lee's Rapid Deconstruction (safe; 2% risk of failure)
Confirm with . or Enter, or press ? or * to list all spells.
Aiming: Lee's Rapid Deconstruction (safe; 2% risk of failure)
Press: ? - help, Dir - move target cursor, f - ogre Fragment what (e.g. wall or brittle monster)?: an ogre, wielding a giant club (almost dead)
An open gate.
The door shatters!
The blast of rock fragments hits the ogre.
You kill the ogre!
Vehumet accepts your kill.
You feel your power returning.
The blast of rock fragments hits the wyvern.
You kill the wyvern!
Vehumet accepts your kill.
You feel your power returning.
The blast of rock fragments hits torrenera's ghost.
Torrenera's ghost is moderately damaged.
Press: ? - help, v - describe, . - travel
Here: torrenera's ghost (moderately damaged)
The floor.
Press: ? - help, v - describe, . - travel
Here: torrenera's ghost (moderately damaged)
The floor.
There is a stone staircase leading down here.
Torrenera's ghost says, "First you will suffer, then you will die."
There is a stone staircase leading up here.
Torrenera's ghost says, "Destruction is an occupation beyond life."
Torrenera's ghost misses you.
Torrenera's ghost wails.
Torrenera's ghost hits you!
You see here a ration.
There is a transporter here.
You enter the transporter and appear at another place.
Torrenera's ghost hits you!!
* * * LOW HITPOINT WARNING * * *
You see here a manticore skeleton.
Casting: Lee's Rapid Deconstruction (safe; 1% risk of failure)
Confirm with . or Enter, or press ? or * to list all spells.
Aiming: Lee's Rapid Deconstruction (safe; 1% risk of failure)
Press: ? - help, Dir - move target cursor A metal wall.
The metal wall shatters!
Torrenera's ghost hits you!!
You die...

##.######....#.#########
#...............## ######
#..#!.#########..# #.....
#..#.##...©...##.# #.####
#..#.#8.#..÷#.8#.# #.# ##
#..#.#...#.#...#.## #.# #.
#....#_........#..## #.# #.
#...©#......©!.#©..###.# #.
#.#..#_(..@....#.......###.
#....#.).#W#...#...........
####.#8.#...#.8#.###.......
#.##.......##.# #.######
#..#########..# #.#
##.....)))...####.#
###..............#
################


You could see torrenera's ghost.

Vanquished Creatures
  Harold (D:7)
  Joseph (D:7)
  A manticore (D:8)
  A komodo dragon (D:8)
  A hippogriff (D:8)
  A wraith (D:7)
  A wyvern (D:8)
  Eustachio (D:5)
  A basilisk (D:8)
  Duvessa (D:7)
  2 orc warriors (D:8)
  A black bear (D:8)
  A sky beast (D:6)
  An ogre (D:8)
  A centaur (D:7)
  An elf zombie (Ossuary)
  Blork the orc (D:5)
  5 bullfrogs
  Dowan (D:7)
  3 scorpions
  3 howler monkeys
  3 crimson imps
  A bullfrog zombie (D:7)
  A human zombie (Ossuary)
  3 hounds
  A bullfrog skeleton (D:4)
  4 orc priests
  Crazy Yiuf (D:2)
  A jelly (D:6)
  6 orc wizards
  An iguana (D:8)
  2 worker ants
  3 mummies (Ossuary)
  7 gnolls
  9 adders
  A howler monkey skeleton (D:8)
  2 oozes
  3 adder zombies (Ossuary)
  6 worms
  2 dart slugs
  4 leopard geckos
  23 orcs
  9 bats
  4 giant cockroaches
  5 goblins
  10 hobgoblins
  4 jackals (D:5)
  2 quokkas
  A ball python (D:1)
  6 frilled lizards
  2 goblin zombies (Ossuary)
  2 hobgoblin zombies (Ossuary)
  A jackal skeleton (D:2)
  6 kobolds
  3 kobold zombies (Ossuary)
  A leopard gecko zombie (D:7)
  A quokka skeleton (D:6)
  4 quokka zombies
  6 rats
  3 rat zombies (Ossuary)
184 creatures vanquished.

Notes
Turn   | Place    | Note
-------+----------+-------------------------------------------
     0 | D:1      | Amnesiac the Mummy Earth Elementalist began the quest for the Orb.
     0 | D:1      | Reached XP level 1. HP: 13/13 MP: 4/4
   209 | D:2      | Reached XP level 2. HP: 19/19 MP: 3/5
   213 | D:2      | Learned a level 2 spell: Passwall
   266 | D:2      | Found a radiant altar of Vehumet.
   266 | D:2      | Found a burning altar of Makhleb.
   273 | D:2      | Became a worshipper of Vehumet
   848 | D:1      | Reached XP level 3. HP: 20/24 MP: 7/7
  1365 | D:2      | Reached * piety under Vehumet
  1365 | D:2      | Offered knowledge of Flame Tongue by Vehumet.
  1392 | D:2      | Found a runed door.
  1465 | D:2      | Noticed Crazy Yiuf
  1469 | D:2      | Killed Crazy Yiuf
  1469 | D:2      | Reached XP level 4. HP: 30/30 MP: 4/9
  1528 | D:2      | Learned a level 3 spell: Stone Arrow
  1533 | D:2      | Learned a level 4 spell: Petrify
  2008 | D:3      | Reached XP level 5. HP: 36/36 MP: 7/11
  2076 | D:3      | You fall through a shaft!
  2085 | D:4      | Found Cihag's Assorted Antiques.
  2093 | D:4      | Bought a scroll labeled GIVENE RE TAOK for 29 gold pieces
  2093 | D:4      | Bought a scroll labeled GIVENE RE TAOK for 29 gold pieces
  2143 | D:3      | Reached skill level 1 in Fighting
  2177 | D:4      | Bought a scroll labeled VAMAOW ACKU for 29 gold pieces
  2206 | D:4      | Got a polished leather armour
  2217 | D:4      | Identified the +1 leather armour of Disappointment {rN+} (You found it on level 4 of the Dungeon)
  2291 | D:4      | You fall through a shaft for 3 floors!
  2299 | D:7      | Noticed Duvessa
  2299 | D:7      | Noticed Dowan
  2446 | D:6      | Reached XP level 6. HP: 38/43 MP: 13/13
  2546 | D:6      | Noticed a sky beast
  2564 | D:6      | Killed a sky beast
  2564 | D:6      | Reached skill level 5 in Spellcasting
  2564 | D:6      | Reached skill level 5 in Earth Magic
  2677 | D:6      | Learned a level 5 spell: Lee's Rapid Deconstruction
  2816 | D:5      | Entered Level 5 of the Dungeon
  2930 | D:5      | Noticed Eustachio
  2942 | D:5      | Killed Eustachio
  2942 | D:5      | Reached XP level 7. HP: 45/48 MP: 3/15
  3109 | D:5      | Found a sand-covered staircase.
  3120 | Ossuary  | Entered an ossuary
  3145 | Ossuary  | Reached ** piety under Vehumet
  3151 | Ossuary  | Offered knowledge of Magic Dart by Vehumet.
  3514 | D:5      | Found a shattered altar of Ashenzari.
  3514 | D:5      | Noticed Blork the orc
  3517 | D:5      | Killed Blork the orc
  3583 | D:4      | Offered knowledge of Conjure Flame by Vehumet.
  3729 | D:4      | Found a hide-covered altar of Uskayaw.
  3798 | D:4      | Reached XP level 8. HP: 37/54 MP: 15/18
  4341 | D:3      | Reached *** piety under Vehumet
  4667 | D:3      | Found a burning altar of Makhleb.
  4989 | D:5      | Found a staircase to the Ecumenical Temple.
  5495 | D:6      | Found an iron altar of Okawaru.
  5594 | D:7      | Reached skill level 1 in Shields
  5804 | D:7      | Noticed Joseph
  5812 | D:7      | Killed Joseph
  5892 | D:7      | Killed Duvessa
  5892 | D:7      | Reached XP level 9. HP: 52/59 MP: 21/21
  5908 | D:7      | Killed Dowan
  5952 | D:7      | Noticed Harold
  5964 | D:7      | Killed Harold
  6135 | D:7      | Offered knowledge of Throw Icicle by Vehumet.
  6241 | D:7      | Found a sacrificial altar of Ru.
  6611 | D:8      | Found a runed gate.
  6611 | D:8      | Found a runed gate.
  6611 | D:8      | Found a runed gate.
  6617 | D:8      | Noticed torrenera's ghost (novice TrMo)
  6811 | D:8      | Found Leyweolu's General Store.
  6815 | D:8      | Bought a +1 pair of gloves of dexterity for 231 gold pieces
  7227 | D:8      | Found a stormy altar of Qazlal.
  7227 | D:8      | Noticed a manticore
  7229 | D:8      | Found a transporter.
  7229 | D:8      | Found a sacrificial altar of Ru.
  7232 | D:8      | Noticed a komodo dragon
  7237 | D:8      | Found a transporter.
  7432 | D:8      | Reached XP level 10. HP: 55/65 MP: 20/23
  7661 | D:8      | Killed a manticore
  7661 | D:8      | Reached skill level 10 in Spellcasting
  7661 | D:8      | Reached skill level 10 in Earth Magic
  7969 | D:8      | Slain by torrenera's ghost

Vault maps used:
D:1:      ncdulo_smallfort
D:2:      gammafunk_temple_overflow_pools, uniq_crazy_yiuf_cottage
D:3:      bloody_makhleb
D:4:      eat_drink_and_be_merry_uskayaw, serial_shops, shop, st_stairs_5
D:5:      ashenzari_altar_1, temple_hall, nicolae_ossuary_entry_ruins,
          first_ration, uniq_eustachio, uniq_blork_the_orc
D:6:      okawaru_gym_becter
D:7:      glass_columns_c, minmay_misc_feat_chi, nicolae_ru_awakened_eye,
          uniq_joseph, uniq_duvessa, uniq_harold
D:8:      gammafunk_temple_overflow_arena, gammafunk_ghost_split, serial_shops,
          nicolae_shop_crystal
Ossuary:  ossuary_minmay_chase

Skill      XL: |  1  2  3  4  5  6  7  8  9 10 |
---------------+-------------------------------+-----
Earth Magic    | 3 4 5 6 8 9 10 | 10.1
Spellcasting   | 3 4 5 6 8 9 10 | 10.1
Fighting       | 1 |  1.0
Shields        | 2 4 |  4.0
Dodging        | |  1.5
Stealth        | |  1.5
Transmutations | |  0.7

Action                   |  1- 3 |  4- 6 |  7- 9 | 10-12 || total
-------------------------+-------+-------+-------+-------++-------
Melee: Unarmed           |     4 |       |       |       ||     4
       Great sword       |    86 |    76 |   139 |       ||   301
       Dagger            |       |       |   202 |       ||   202
       Scimitar          |       |       |    23 |     1 ||    24
 Cast: Sandblast         |    19 |    57 |    77 |       ||   153
       Passwall          |       |       |     3 |       ||     3
       Lee's Rapid Decon |       |       |     5 |     9 ||    14
Evoke: Wand              |       |       |     9 |       ||     9
  Use: Scroll            |     6 |     3 |    10 |       ||    19
 Stab: Sleeping          |     3 |     2 |     2 |       ||     7
Armor: Robe              |    33 |    17 |       |       ||    50
       Leather armour    |       |    20 |    86 |       ||   106
       Ring mail         |       |       |    97 |     1 ||    98
Dodge: Dodged            |   111 |   106 |   244 |     5 ||   466
Block: Buckler           |       |       |    35 |       ||    35
       Rpst.: Great sword |    28 |    31 |    45 |       ||   104
       Scimitar          |       |       |     5 |     1 ||     6

Table legend:
 A = Spawn XP
 B = Non-spawn XP
 C = Spawn XP percentage of total XP
 D = Spawn monster count
 E = Non-spawn monster count
 F = Spawn count percentage of total count
 G = Total turns spent on level
                    A         B        C        D         E        F      G
               +---------+---------+-------+---------+---------+-------+---------
         Total |       0 |    6925 |   0.0 |       0 |     184 |   0.0 |  7969
               +---------+---------+-------+---------+---------+-------+---------
           D:1 |       0 |      23 |   0.0 |       0 |      13 |   0.0 |   845
           D:2 |       0 |     101 |   0.0 |       0 |      29 |   0.0 |   898
           D:3 |       0 |     198 |   0.0 |       0 |      27 |   0.0 |   761
           D:4 |       0 |     456 |   0.0 |       0 |      24 |   0.0 |  1074
           D:5 |       0 |     516 |   0.0 |       0 |      11 |   0.0 |   671
           D:6 |       0 |     295 |   0.0 |       0 |      10 |   0.0 |   957
           D:7 |       0 |    2674 |   0.0 |       0 |      23 |   0.0 |  1215
           D:8 |       0 |    2436 |   0.0 |       0 |      26 |   0.0 |  1223
       Ossuary |       0 |     226 |   0.0 |       0 |      21 |   0.0 |   325
               +---------+---------+-------+---------+---------+-------+---------
